 Dungeon Crawl Stone Soup version 0.31.0-9-g3a7656b989 (webtiles) character file.

Game seed: 2115134184180120464

109 monsoonserge the Shooter (level 5, -5/37 HPs)
             Began as a Formicid Hexslinger on Jan 24, 2024.
             Slain by an ogre
             ... wielding a +0 giant spiked club
              (22 damage)
             ... on level 3 of the Dungeon.
             The game lasted 00:09:51 (2218 turns).

monsoonserge the Shooter (Formicid Hexslinger)      Turns: 2218, Time: 00:09:52

Health: -5/37      AC:  8    Str: 12    XL:     5   Next: 13%
Magic:  7/7        EV: 12    Int: 19    God:
Gold:   231        SH:  0    Dex: 18    Spells: 2/7 levels left

rFire   . . .        c - +0 orcbow
rCold   . . .        (no shield)
rNeg    . . .        e - +0 leather armour
rPois   .            (helmet unavailable)
rElec   .            r - +0 cloak
rCorr   .            (no gloves)
SInv    +            (no boots)
Will    .....        (no amulet)
Stlth   +            l - +6 ring of intelligence
HPRegen 0.26/turn    i - +4 ring of protection
MPRegen 0.10/turn

%: no passive effects
@: no status effects
A: permanent stasis, dig shafts and tunnels, antennae 3, four strong arms
a: Dig, Shaft Self


You were on level 3 of the Dungeon.
You visited 1 branch of the dungeon, and saw 3 of its levels.

You collected 231 gold pieces.

Inventory:

Hand Weapons
 c - a +0 orcbow (weapon)
Missiles
 p - 4 poisoned darts
Armour
 e - a +0 leather armour (worn)
 r - a +0 cloak (worn)
Jewellery
 f - a ring of flight
 i - a +4 ring of protection (right hand)
 l - a +6 ring of intelligence (left hand)
Wands
 m - a wand of flame (16)
Scrolls
 b - a scroll of poison
 d - a scroll of enchant armour {unknown}
 g - 2 scrolls of revelation {unknown}
 h - a scroll of vulnerability {unknown}
 j - 2 scrolls of identify {unknown}
 n - a scroll of blinking {unknown}
 q - a scroll of silence {unknown}
Potions
 a - a potion of magic {unknown}
 k - 2 potions of curing {unknown}
 o - 2 potions of ambrosia {unknown}


   Skills:
 + Level 1.4 Fighting
 * Level 4.1 Ranged Weapons
 + Level 1.4 Armour
 + Level 1.9 Dodging
 + Level 0.3 Stealth
 + Level 1.5 Spellcasting
 + Level 3.8 Hexes
 * Level 1.0 Fire Magic


You had 2 spell levels left.
You knew the following spells:

 Your Spells              Type           Power      Damage    Failure   Level
a - Jinxbite              Hex            30%        N/A       7%          2
b - Inner Flame           Hex/Fire       10%        N/A       26%         3

Your spell library contained the following spells:

 Spells                   Type           Power      Damage    Failure   Level
 Sigil of Binding         Hex            15%        N/A       14%         3
 Cause Fear               Hex            7%         N/A       43%         4
 Dimensional Bullseye     Hex/Tloc       4%         N/A       71%         4


Dungeon Overview and Level Annotations

Branches:
Dungeon (3/15)

Altars:
Nemelex Xobeh
Trog


Innate Abilities, Weirdness & Mutations

You cannot be hasted, slowed, berserked, paralysed or teleported.
You can dig through walls and to a lower floor.
You have a pair of large antennae on your head. (SInv)
Your four strong arms can wield two-handed weapons with a shield.


Message History

A quokka comes into view.
Found 20 gold pieces.
You shoot an arrow.
The arrow hits the quokka but does no damage.
You shoot an arrow.
The arrow hits the quokka but does no damage.
You shoot an arrow. The arrow hits the quokka.
You kill the quokka!
No target in view!
You see here a quokka corpse.
You now have 224 gold pieces (gained 20).
Found 7 gold pieces.
Found a stone staircase leading down.
You now have 231 gold pieces (gained 7).
As you open the door, it creaks loudly!
There is an open door here.
There is an open door here.
You sense a monster nearby.
Casting: Jinxbite (safe; 7% risk of failure)
Confirm with . or Enter, or press ? or * to list all spells.
There is nobody nearby that the sprites are interested in.
You open the door.
An ogre comes into view. It is wielding a +0 giant spiked club.
There is an open door here.
Casting: Jinxbite (safe; 7% risk of failure)
Confirm with . or Enter, or press ? or * to list all spells.
Okay, then.
Fire: c) +0 orcbow
Press: ? - help, Q - select action, (/) - cycle Shift-Dir - straight line, f - ogre
Aim: an ogre, wielding a +0 giant spiked club (72% to hit)
You shoot an arrow. The arrow hits the ogre!
The ogre is moderately wounded.
The ogre hits you with a +0 giant spiked club!!
Ouch! That really hurt!
Fire: c) +0 orcbow
Press: ? - help, Q - select action, (/) - cycle Shift-Dir - straight line, f/p - ogre
Aim: an ogre, wielding a +0 giant spiked club (moderately wounded, 72% to hit)
You shoot an arrow. The arrow closely misses the ogre.
The ogre hits you with a +0 giant spiked club!!
Ouch! That really hurt!
You die...

###..............
#.#########..##
#.# ##.# #.# #.#
#### #.# # #.#
#... #.# #...##
#... #.# ......
#...###.###.##
#.#.##
#...@.......... ..
#.
#..O###.###.##.#.#
#. #... #.# # #.#
#. #... #.# #.
#.###. ##.# ... #.
...... #.
...##.####.#### #.
........##.# #.
..##......# #
#.#.##.# #


You could see an ogre.

Vanquished Creatures
  3 adders (D:3)
  2 dart slugs
  A ribbon worm (D:2)
  8 orcs (D:3)
  4 bats
  5 endoplasms
  2 giant cockroaches (D:1)
  2 goblins (D:2)
  6 hobgoblins
  6 jackals
  3 kobolds
  4 quokkas
  12 ball pythons
  4 frilled lizards
  2 rats (D:1)
64 creatures vanquished.

Notes
Turn   | Place    | Note
-------+----------+-------------------------------------------
     0 | D:1      | monsoonserge the Formicid Hexslinger began the quest for
                  | the Orb.
     0 | D:1      | Reached XP level 1. HP: 15/15 MP: 2/2
   207 | D:1      | Reached XP level 2. HP: 19/21 MP: 3/3
   211 | D:1      | Learned a level 2 spell: Jinxbite
   222 | D:1      | Reached skill level 1 in Armour
   361 | D:1      | Reached XP level 3. HP: 26/26 MP: 4/4
   425 | D:1      | Found a faded altar of an unknown god.
   480 | D:1      | Reached skill level 3 in Ranged Weapons
  1453 | D:2      | Reached XP level 4. HP: 32/32 MP: 4/6
  1468 | D:2      | Found a bloodstained altar of Trog.
  2053 | D:3      | Reached skill level 4 in Ranged Weapons
  2053 | D:3      | Reached XP level 5. HP: 37/37 MP: 4/7
  2064 | D:3      | Learned a level 3 spell: Inner Flame
  2128 | D:3      | Found a sparkling altar of Nemelex Xobeh.
  2216 | D:3      | Noticed an ogre
  2218 | D:3      | Slain by an ogre

Illustrated notes

Levels and vault maps discovered:
D:1:      dpeg_arrival_houses_and_road, layout_basic,
          nicolae_ecumenical_lake_church, serial_bayou_lake_a
D:2:      minmay_angry_zag, layout_basic, basic_altar, moated_statue,
          wander_ebering_terrifying_dragon_lair
D:3:      layout_basic, marbit_many_paths

Skill      XL: |  1  2  3  4 |
---------------+-------------+-----
Armour         | 1 |  1.4
Ranged Weapons | 3 4 |  4.1
Fighting       | |  1.4
Dodging        | |  1.9
Stealth        | |  0.3
Spellcasting   | |  1.5
Hexes          | |  3.8
Fire Magic     | |  1.0

Action                     |  1- 3 |  4- 6 || total
---------------------------+-------+-------++-------
   Fire: Sling             |    99 |    17 ||   116
         Orcbow            |       |    45 ||    45
   Cast: Jinxbite          |    10 |     8 ||    18
 Armour: Robe              |     6 |       ||     6
         Leather armour    |    28 |    13 ||    41
  Dodge: Dodged            |    35 |    13 ||    48
